[Event "Titled Tuesday Blitz April 26 Late 2022"]
[White "Eswaran, Ashritha"]
[Black "Yurovskykh, Oleksandr"]
[WhiteFideId "2080788"]
[BlackFideId "14134020"]
[WhiteElo "2425"]
[BlackElo "2292"]
[Result "0-1"]
[Round "06"]
[TimeControl "180+1"]
[Date "2022.04.26"]
[WhiteClock "0:00:25"]
[BlackClock "0:00:25"]

1. e4 d5 2. exd5 Qxd5 3. Nc3 Qd8 4. Nf3 Bg4 5. g3 e6 6. Bg2 c6 7. d4 Nd7 8. h3 Bh5 9. g4 Bg6 10. Bf4 Ngf6 11. Qd2 Bb4 12. O-O Ne4 13. Qe3 Nxc3 14. bxc3 Be7 15. Rab1 b6 16. Qe2 O-O 17. Rbd1 Rc8 18. c4 h6 19. Rfe1 Bb4 20. Rf1 Qe7 21. Rc1 Bd6 22. Be3 c5 23. c3 Bb8 24. Rfe1 Qd6 25. Rcd1 cxd4 26. Nxd4 Qh2+ 27. Kf1 Nc5 28. Qf3 Be4 29. Bf4 Bxf4 30. Rxe4 Nxe4 31. Qxe4 Bb8 32. Nc6 Rc7 33. Ke2 Rfc8 34. Ne5 Rc5 35. Nf3 Qf4 36. Qxf4 Bxf4 37. Rd7 R5c7 38. Rd1 Rxc4 39. Nd4 Rxc3 40. Nb5 Rc2+ 41. Kf3 Bb8 42. Rd7 a6 43. Nd4 Rxa2 44. Ke4 Rxf2 45. Bf3 b5 46. Bd1 Rd2 47. Bb3 Bc7 48. Ke3 Rxd4 49. Kxd4 Rd8 50. Rxd8+ Bxd8 51. Kc5 Kf8 52. Bd1 Ke7 53. Bf3 Kf6 54. Bb7 a5 55. Kxb5 Kg5 56. Bg2 Kf4 57. Bc6 Kg3 58. Be8 f6 59. Bf7 e5 60. Be6 Kxh3 61. Kc4 Kg3 62. Kd3 Kf4 63. Ke2 a4 64. Bd5 a3 65. Be6 Be7 66. Kf2 Bc5+ 67. Ke2 Bd4 68. Kd3 g6 69. Ke2 h5 70. gxh5 gxh5 71. Kf1 h4 72. Kg2 e4 73. Kf1 e3 74. Ke2 Kg3 75. Kd3 h3 76. Ke2 h2 77. Kd3 h1=Q 78. Kxd4 e2 79. Bc4 Qd1+ 80. Bd3 Qxd3+ 81. Kxd3 e1=Q 82. Kc4 Qb1 83. Kd5 Qf5+ 84. Kd6 Qe5+ 85. Kd7 a2 86. Kc6 a1=R 87. Kd7 Ra6 88. Kc8 Rd6 89. Kc7 Qe7+ 0-1


[Site "https://www.chess.com"]

[Event "Titled Tuesday Blitz April 26 Late 2022"]
[White "Ferreira, Vitor Hugo Vieira"]
[Black "Jaferian, Koosha"]
[WhiteFideId "2119765"]
[BlackFideId "12507440"]
[WhiteElo "2165"]
[BlackElo "2030"]
[Result "0-1"]
[Round "06"]
[TimeControl "180+1"]
[Date "2022.04.26"]
[WhiteClock "0:00:54"]
[BlackClock "0:00:27"]

1. d4 Nf6 2. c4 e6 3. Nf3 b6 4. g3 Ba6 5. Qa4 Bb7 6. Bg2 c5 7. d5 exd5 8. cxd5 Nxd5 9. O-O Be7 10. e4 Nc7 11. e5 Nc6 12. Nc3 O-O 13. Bf4 Ne6 14. Be3 Qc8 15. Rad1 Rd8 16. Nd5 Bf8 17. Qg4 Kh8 18. Qh5 Kg8 19. Ng5 Nxg5 20. Bxg5 Re8 21. Nf6+ gxf6 22. Bxf6 Ne7 23. Bxb7 Qxb7 24. Qg4+ Ng6 25. Rxd7 Qc6 26. h4 Re6 27. Rfd1 h5 28. Qxh5 Bg7 29. Rd8+ Rxd8 30. Rxd8+ Re8 31. Rxe8+ Qxe8 32. Bxg7 Kxg7 33. f4 Qa4 34. Qg4 Qd4+ 35. Kh1 Kf8 36. h5 Nxe5 37. Qc8+ Kg7 38. fxe5 Qxe5 39. Qg4+ Kh6 40. Kg1 Qd4+ 41. Qxd4 cxd4 42. g4 f5 43. gxf5 Kxh5 44. f6 Kg6 45. f7 Kxf7 46. Kf2 Ke6 47. Kf3 Kd5 48. Kf4 Kc4 49. Ke4 a5 50. a4 d3 51. Ke3 Kb3 52. Kxd3 Kxb2 53. Kc4 Ka3 54. Kb5 Kb3 55. Kxb6 Kxa4 56. Kc5 Kb3 57. Kb5 a4 0-1


[Site "https://www.chess.com"]

[Event "Titled Tuesday Blitz April 26 Late 2022"]
[White "Fiol, Fabrice"]
[Black "Aung Thant Zin"]
[WhiteFideId "611670"]
[BlackFideId "13000063"]
[WhiteElo "2456"]
[BlackElo "2278"]
[Result "1-0"]
[Round "06"]
[TimeControl "180+1"]
[Date "2022.04.26"]
[WhiteClock "0:01:25"]
[BlackClock "0:01:17"]

1. e4 c5 2. Nf3 Nc6 3. Bb5 e6 4. O-O Nge7 5. b3 a6 6. Bxc6 Nxc6 7. Bb2 d6 8. d4 cxd4 9. Nxd4 Be7 10. Nxc6 bxc6 11. Bxg7 Rg8 12. Bb2 Bb7 13. Nd2 c5 14. Qh5 Bf6 15. Bxf6 Qxf6 16. Rae1 O-O-O 17. Nf3 Rg6 18. Qh4 Qxf3 19. g3 Rg4 20. Qe7 Bxe4 21. Rxe4 Rxe4 22. Qa7 Rd4 23. Qxa6+ Qb7 24. Qa5 h5 25. Re1 h4 26. c3 h3 27. f3 Qxf3 28. Qa6+ Kd7 29. Qb7+ Ke8 30. Qxf3 1-0


[Site "https://www.chess.com"]

[Event "Titled Tuesday Blitz April 26 Late 2022"]
[White "Fiorito, Fabian"]
[Black "Leitao, Rafael"]
[WhiteFideId "100200"]
[BlackFideId "2101246"]
[WhiteElo "2395"]
[BlackElo "2609"]
[Result "0-1"]
[Round "06"]
[TimeControl "180+1"]
[Date "2022.04.26"]
[WhiteClock "0:00:02"]
[BlackClock "0:00:46"]

1. e4 c5 2. Nf3 d6 3. d4 cxd4 4. Nxd4 Nf6 5. Nc3 Nc6 6. Be2 e5 7. Nb3 Be7 8. Bg5 O-O 9. Bxf6 Bxf6 10. O-O Be6 11. Nd5 Bg5 12. Bg4 Qd7 13. h3 g6 14. Bxe6 fxe6 15. Qg4 Bh6 16. Rad1 Rad8 17. Nc3 Qe7 18. Ne2 d5 19. exd5 exd5 20. Nc3 Qf7 21. Nc5 Rfe8 22. Qh4 Bg7 23. Rfe1 e4 24. Qg5 Bd4 25. Rxd4 Nxd4 26. Nb3 Nxb3 27. axb3 Qf5 28. Qh6 d4 29. Ne2 d3 30. Ng3 Qf8 31. Qe3 dxc2 32. Nxe4 Qg7 0-1


[Site "https://www.chess.com"]

[Event "Titled Tuesday Blitz April 26 Late 2022"]
[White "Girsh, Daniel"]
[Black "Brodowski, Piotr"]
[WhiteFideId "30949190"]
[BlackFideId "1124480"]
[WhiteElo "2364"]
[BlackElo "2422"]
[Result "0-1"]
[Round "06"]
[TimeControl "180+1"]
[Date "2022.04.26"]
[WhiteClock "0:00:02"]
[BlackClock "0:00:22"]

1. e4 c5 2. Nf3 Nc6 3. Bb5 Na5 4. O-O a6 5. Be2 b5 6. d4 cxd4 7. Nxd4 e6 8. Nc3 Bb7 9. Bf3 Nc4 10. b3 Ne5 11. Bh5 Rc8 12. f4 Ng6 13. Qd3 Nf6 14. Bf3 Bc5 15. e5 Bxf3 16. Rxf3 Qb6 17. Ne2 Nd5 18. Kh1 O-O 19. Bb2 Bxd4 20. Bxd4 Qc6 21. c3 Rfd8 22. Raf1 d6 23. exd6 Qxd6 24. f5 Nh4 25. fxe6 Nxf3 26. exf7+ Kf8 27. Rxf3 Nf6 28. Rxf6 gxf6 29. Qxh7 Qe6 30. Qh5 Qxf7 31. Bc5+ Ke8 32. Qh8+ Kd7 33. Qh3+ Kc6 34. Bd4 Kb7 35. Nf4 Rxd4 36. Qf3+ Kb8 0-1


[Site "https://www.chess.com"]

[Event "Titled Tuesday Blitz April 26 Late 2022"]
[White "Golubev, Mikhail"]
[Black "Tanenbaum, Zachary"]
[WhiteFideId "14100983"]
[BlackFideId "2060850"]
[WhiteElo "2374"]
[BlackElo "2168"]
[Result "1-0"]
[Round "06"]
[TimeControl "180+1"]
[Date "2022.04.26"]
[WhiteClock "0:02:20"]
[BlackClock "0:01:27"]

1. e4 e5 2. Nf3 Nc6 3. Bb5 a6 4. Ba4 d6 5. O-O Nf6 6. Re1 Be7 7. c3 O-O 8. d4 b5 9. Bc2 Bg4 10. h3 Bxf3 11. Qxf3 exd4 12. Rd1 Ne5 13. Qe2 dxc3 14. Nxc3 c5 15. f4 Nc6 16. e5 Nd7 17. Qe4 g6 18. Qxc6 Rc8 19. Qxa6 b4 20. Nd5 dxe5 21. Qxc8 1-0


[Site "https://www.chess.com"]

[Event "Titled Tuesday Blitz April 26 Late 2022"]
[White "Gomez Dieguez, David"]
[Black "Winkels, Marcel"]
[WhiteFideId "22223630"]
[BlackFideId "1003887"]
[WhiteElo "2115"]
[BlackElo "1900"]
[Result "1-0"]
[Round "06"]
[TimeControl "180+1"]
[Date "2022.04.26"]
[WhiteClock "0:00:16"]
[BlackClock "0:00:06"]

1. c4 e5 2. Nc3 Bb4 3. Nd5 Bc5 4. e3 c6 5. b4 Be7 6. Nxe7 Qxe7 7. Bb2 Nf6 8. c5 O-O 9. Nf3 e4 10. Nd4 d5 11. cxd6 Qxd6 12. Qb3 a5 13. a3 axb4 14. axb4 Rxa1+ 15. Bxa1 Na6 16. Bc3 Nd5 17. Bxa6 bxa6 18. O-O f5 19. f4 exf3 20. Rxf3 Kh8 21. Qc4 Bb7 22. Rg3 Nf6 23. Nxf5 Qd8 24. Rxg7 Bc8 25. Rf7 Bxf5 26. Bxf6+ Qxf6 27. Rxf6 Rxf6 28. Qxa6 Be4 29. d3 Bg6 30. e4 Kg7 31. Qa7+ Rf7 32. Qc5 Rf6 33. Qe5 Kf7 34. h3 Re6 35. Qc7+ Kf6 36. Qf4+ Kg7 37. Kh2 h5 38. Qc7+ Kh6 39. Kg3 Bh7 40. Qf4+ Kg7 41. Qc7+ Kh6 42. Kh4 Rg6 43. Qf4+ Kg7 44. Qe5+ Kf7 45. g3 Rg7 46. Qc7+ Kg8 47. Qxc6 Bg6 48. Qd5+ Bf7 49. Qe5 Rg6 50. b5 Rb6 51. Qc5 Rg6 52. b6 Re6 53. b7 Re8 54. Qc8 1-0


[Site "https://www.chess.com"]

[Event "Titled Tuesday Blitz April 26 Late 2022"]
[White "Grischuk, Alexander"]
[Black "Muradli, Mahammad"]
[WhiteFideId "4126025"]
[BlackFideId "13409301"]
[WhiteElo "2762"]
[BlackElo "2611"]
[Result "0-1"]
[Round "06"]
[TimeControl "180+1"]
[Date "2022.04.26"]
[WhiteClock "0:00:03"]
[BlackClock "0:00:05"]

1. d4 d5 2. Nf3 Nf6 3. Bf4 Bf5 4. c4 e6 5. Qb3 Nc6 6. Nbd2 Na5 7. Qa4+ c6 8. c5 b5 9. Qd1 Nc4 10. Qc1 a5 11. e3 Be7 12. Be2 O-O 13. O-O a4 14. b3 Nxd2 15. Qxd2 Ne4 16. Qb4 Qa5 17. Qxa5 Rxa5 18. Ne5 Rc8 19. Rfc1 b4 20. Bf1 f6 21. Nd3 Rca8 22. Nxb4 axb3 23. Nxc6 b2 24. Nxe7+ Kf7 25. Nxf5 exf5 26. Rab1 bxc1=Q 27. Rxc1 Rxa2 28. f3 Nd2 29. Bd3 Ra1 30. Rxa1 Rxa1+ 31. Kf2 g5 32. Bc7 Ke6 33. h3 Nb3 34. g4 fxg4 35. hxg4 h6 36. Bf5+ Kf7 37. Bd6 Rc1 38. c6 Rxc6 39. Bb4 Rc4 40. Bd6 Ra4 41. Ke2 Ra2+ 42. Kd3 Nc1+ 43. Kc3 Ne2+ 44. Kb4 Ng1 45. Kc5 Nxf3 46. Kxd5 Ra5+ 47. Kc6 h5 48. d5 h4 49. Be6+ Kg6 50. Bf5+ Kf7 51. Be6+ Kg7 52. Bc7 h3 53. Bxa5 h2 54. d6 Ne5+ 55. Kc7 h1=Q 56. d7 Qc6+ 57. Kb8 Nxd7+ 0-1


[Site "https://www.chess.com"]

[Event "Titled Tuesday Blitz April 26 Late 2022"]
[White "Hnydiuk, Aleksander"]
[Black "Yuan, Qingyu"]
[WhiteFideId "1109057"]
[BlackFideId "8609772"]
[WhiteElo "2374"]
[BlackElo "2359"]
[Result "0-1"]
[Round "06"]
[TimeControl "180+1"]
[Date "2022.04.26"]
[WhiteClock "0:00:02"]
[BlackClock "0:00:03"]

1. Nf3 d5 2. d4 Nf6 3. c4 e6 4. g3 dxc4 5. Bg2 c5 6. O-O Nc6 7. dxc5 Qxd1 8. Rxd1 Bxc5 9. Nbd2 c3 10. bxc3 O-O 11. Nb3 Be7 12. Nfd4 Nxd4 13. cxd4 Nd5 14. Bd2 f5 15. Nc5 b6 16. Nd3 Ba6 17. Nf4 Nxf4 18. Bxf4 Rad8 19. Rac1 Bf6 20. d5 e5 21. Be3 Bxe2 22. Rd2 Bb5 23. d6 e4 24. Rc7 Rf7 25. Rd5 Bd3 26. Rxf5 Rxd6 27. Rc8+ Rf8 28. Rc7 Rf7 29. Rc8+ Rd8 30. Rxd8+ Bxd8 31. Rd5 Bf6 32. Rd6 Re7 33. Bh3 Kf7 34. Bf5 g6 35. Bc8 Rc7 36. Bg4 Be7 37. Rd5 Bc4 38. Rd4 Bd3 39. Bd1 Bc5 40. Bb3+ Kg7 41. Bf4 Bxd4 42. Bxc7 Kf6 43. Kg2 b5 44. Bd8+ Ke5 45. Bc7+ Kf6 46. Bd8+ Kg7 47. Bc7 a6 48. Ba5 Kf6 49. Bd8+ Ke5 50. Bc7+ Kf6 51. Bd8+ Kg7 52. Ba5 Be5 53. Kg1 g5 54. Kg2 Kg6 55. h3 h6 56. Kg1 Be2 57. Kg2 Bd3 58. Kg1 Kg7 59. Kg2 Kf6 60. Bd8+ Kf5 61. Ba5 Bc4 62. Bd8 Ke6 63. Bxc4+ bxc4 64. Kf1 Bd4 65. Ke2 c3 66. Ba5 Kd5 67. f3 exf3+ 68. Kxf3 c2 69. Bd2 Bc3 70. Bc1 Kc4 71. Ke2 Bb4 72. h4 gxh4 73. gxh4 h5 0-1


[Site "https://www.chess.com"]

[Event "Titled Tuesday Blitz April 26 Late 2022"]
[White "Janik, Igor"]
[Black "Maghsoodloo, Parham"]
[WhiteFideId "1159259"]
[BlackFideId "12539929"]
[WhiteElo "2437"]
[BlackElo "2630"]
[Result "0-1"]
[Round "06"]
[TimeControl "180+1"]
[Date "2022.04.26"]
[WhiteClock "0:00:04"]
[BlackClock "0:00:04"]

1. d4 Nf6 2. c4 e6 3. Nf3 d5 4. Nc3 dxc4 5. e4 b5 6. e5 Nd5 7. Nxb5 Nb6 8. Be2 Nc6 9. Qd2 Bb4 10. Nc3 O-O 11. O-O Bb7 12. Qf4 Ne7 13. Qg4 Nf5 14. Ne4 Be7 15. Rd1 Rb8 16. Ng3 Nxg3 17. hxg3 Kh8 18. a4 a5 19. Bd2 Bb4 20. Bxb4 axb4 21. a5 Nd5 22. Bxc4 Ne7 23. a6 Bd5 24. Bd3 h6 25. Bb1 Qd7 26. Qh5 Nf5 27. g4 Bxf3 28. gxf3 Nxd4 29. Be4 c5 30. g5 Qa7 31. gxh6 g6 32. Qg5 Kh7 33. Qf6 Rg8 34. Kg2 Rbc8 35. Bb7 Rc7 36. Rac1 Nf5 37. Rc4 Rxb7 38. axb7 Qxb7 39. Rxc5 g5 40. Rdc1 g4 41. Kf1 g3 42. Rc7 Qb5+ 43. Kg1 gxf2+ 44. Kxf2 Qb6+ 45. R1c5 Nxh6 46. Rxf7+ Nxf7 47. Qxf7+ Rg7 48. Qf6 Qxc5+ 49. Ke2 Qc2+ 0-1


[Site "https://www.chess.com"]

[Event "Titled Tuesday Blitz April 26 Late 2022"]
[White "Jarocka, Liwia"]
[Black "Sovetbekova, Nurai"]
[WhiteFideId "21807558"]
[BlackFideId "13801910"]
[WhiteElo "1896"]
[BlackElo "1538"]
[Result "1-0"]
[Round "06"]
[TimeControl "180+1"]
[Date "2022.04.26"]
[WhiteClock "0:00:20"]
[BlackClock "0:00:03"]

1. e4 c5 2. Nf3 d6 3. Bb5+ Nd7 4. d4 cxd4 5. Qxd4 Nf6 6. O-O g6 7. c4 Bg7 8. Qd3 O-O 9. Bxd7 Bxd7 10. Nc3 Rc8 11. Re1 Bc6 12. Nd4 Nd7 13. b3 Qb6 14. Be3 Nc5 15. Qc2 Qc7 16. Rac1 a6 17. f3 Nd7 18. Kh1 Rfd8 19. Red1 b6 20. Qf2 Qb7 21. Nd5 Ne5 22. h3 e6 23. Nc3 Rd7 24. a4 Rdd8 25. Nxc6 Rxc6 26. Rd2 Nd7 27. Ne2 Nc5 28. Rb1 Rc7 29. Bd4 Bxd4 30. Nxd4 d5 31. cxd5 exd5 32. e5 Re7 33. Re1 Rde8 34. Rde2 Ne6 35. Nxe6 Rxe6 36. f4 f6 37. exf6 Rxe2 38. Rxe2 Rxe2 39. Qxe2 Kf7 40. Qe5 Qd7 41. Qd4 Qe6 42. Kh2 Qxf6 43. Qxd5+ Kg7 44. Qb7+ Kh6 45. Qf3 Qf5 46. Qg3 Kg7 47. Qe3 Qf6 48. Kh1 b5 49. axb5 axb5 50. Qa7+ Kh6 51. Qe3 Qd6 52. f5+ Kg7 53. fxg6 Kxg6 54. Qf3 Qd4 55. Kh2 Qd2 56. Qg3+ Kh6 57. Qh4+ Kg6 58. Qg4+ Kh6 59. Qe6+ Kg7 60. Qe5+ Kg6 61. Qxb5 Qf4+ 62. Kg1 Qc1+ 63. Qf1 Qf4 64. Qxf4 1-0


[Site "https://www.chess.com"]

[Event "Titled Tuesday Blitz April 26 Late 2022"]
[White "Jegorovas, Aleksandras"]
[Black "Sanchez Alvares, Kelvin Antonio"]
[WhiteFideId "12801950"]
[BlackFideId "3906680"]
[WhiteElo "2247"]
[BlackElo "2193"]
[Result "1/2-1/2"]
[Round "06"]
[TimeControl "180+1"]
[Date "2022.04.26"]
[WhiteClock "0:00:22"]
[BlackClock "0:00:07"]

1. d4 d5 2. Nf3 Nf6 3. c4 c6 4. e3 Bg4 5. Nc3 e6 6. h3 Bxf3 7. Qxf3 Nbd7 8. Bd2 Bd6 9. cxd5 exd5 10. Bd3 O-O 11. O-O-O b5 12. g4 b4 13. Ne2 Re8 14. Ng3 c5 15. Nf5 Bf8 16. dxc5 Nxc5 17. Be1 Qa5 18. Kb1 Nxd3 19. Rxd3 Qb5 20. Rd1 a5 21. g5 Ne4 22. Nd4 Qb7 23. Ka1 a4 24. h4 Rec8 25. h5 a3 26. b3 Nc3 27. Bxc3 Rxc3 28. g6 Rac8 29. gxf7+ Qxf7 30. Qxf7+ Kxf7 31. Kb1 Be7 32. Rc1 Bf6 33. Rxc3 Rxc3 34. Ne2 Rc7 35. Rc1 Rxc1+ 36. Kxc1 g6 37. hxg6+ Kxg6 38. Kd2 Kf5 39. Kd3 h5 40. Ng3+ Kg4 41. e4 h4 42. Nh1 Kf3 43. exd5 Kg2 44. Ng3 hxg3 45. fxg3 Kxg3 46. d6 Kf4 47. Kc4 Ke5 48. Kxb4 Kxd6 49. Kxa3 Kc6 50. Ka4 Be7 51. b4 Bxb4 52. Kxb4 Kb7 53. a4 Ka8 54. a5 Kb8 55. Kb5 Ka8 56. Kb6 Kb8 57. a6 Ka8 58. a7 1/2-1/2


[Site "https://www.chess.com"]

[Event "Titled Tuesday Blitz April 26 Late 2022"]
[White "Jobava, Baadur"]
[Black "Oparin, Grigoriy"]
[WhiteFideId "13601520"]
[BlackFideId "24125890"]
[WhiteElo "2617"]
[BlackElo "2665"]
[Result "1-0"]
[Round "06"]
[TimeControl "180+1"]
[Date "2022.04.26"]
[WhiteClock "0:01:34"]
[BlackClock "0:00:31"]

1. c4 e6 2. Nc3 d5 3. d4 Be7 4. cxd5 exd5 5. Bf4 c6 6. e3 Bf5 7. g4 Be6 8. Bd3 Nd7 9. h3 h5 10. gxh5 Ngf6 11. h6 g6 12. Qc2 Nh5 13. Bh2 Rxh6 14. O-O-O Nb6 15. Kb1 Bd6 16. Be5 Bxe5 17. dxe5 Qc7 18. f4 Ng3 19. Rh2 O-O-O 20. Nf3 Nf5 21. Qf2 Kb8 22. Rhh1 c5 23. Ka1 a6 24. Bb1 Rhh8 25. Ng5 d4 26. Bxf5 dxc3 27. Bxe6 cxb2+ 28. Qxb2 Rxd1+ 29. Rxd1 fxe6 30. Nxe6 Qc6 31. Rd6 Qh1+ 32. Qb1 Qxb1+ 33. Kxb1 Nc4 34. Rd7 b6 35. Ng7 Kc8 36. e6 Rxh3 37. e7 Rxe3 38. Rd8+ Kc7 39. e8=Q 1-0


[Site "https://www.chess.com"]

[Event "Titled Tuesday Blitz April 26 Late 2022"]
[White "Kaganskiy, Gleb"]
[Black "Moral Garcia, Serafin"]
[WhiteFideId "4132025"]
[BlackFideId "2201925"]
[WhiteElo "2165"]
[BlackElo "2228"]
[Result "0-1"]
[Round "06"]
[TimeControl "180+1"]
[Date "2022.04.26"]
[WhiteClock "0:00:03"]
[BlackClock "0:01:14"]

1. e4 e5 2. Nc3 Nf6 3. g3 c6 4. Bg2 Bc5 5. Nge2 O-O 6. O-O d5 7. exd5 cxd5 8. d4 exd4 9. Nxd4 Bg4 10. Qd3 Nc6 11. Nxc6 bxc6 12. Be3 Bb6 13. Na4 Re8 14. Nxb6 axb6 15. c4 dxc4 16. Qxc4 Re6 17. h3 Bf5 18. Rfd1 Qc7 19. Rac1 Be4 20. Bxe4 Nxe4 21. Bf4 Qe7 22. Qd4 b5 23. Qd7 Qxd7 24. Rxd7 h6 25. Rc7 Rxa2 26. Rc8+ Kh7 27. R8xc6 Rxc6 28. Rxc6 Rxb2 29. Rc7 Nxf2 30. Rxf7 Nxh3+ 31. Kh1 Nxf4 32. gxf4 Kg6 33. Rb7 Kf6 34. Kg1 h5 35. Kh1 g6 36. Kg1 Kf5 37. Rb6 b4 38. Kh1 b3 39. Kg1 Kxf4 40. Rxg6 Rc2 41. Rb6 b2 42. Rb4+ Ke3 43. Rb3+ Kd4 0-1


[Site "https://www.chess.com"]

[Event "Titled Tuesday Blitz April 26 Late 2022"]
[White "Kanyamarala, Trisha"]
[Black "Piekarski, Atila Balzer"]
[WhiteFideId "45004722"]
[BlackFideId "2119552"]
[WhiteElo "2079"]
[BlackElo "2050"]
[Result "1-0"]
[Round "06"]
[TimeControl "180+1"]
[Date "2022.04.26"]
[WhiteClock "0:01:52"]
[BlackClock "0:01:25"]

1. d4 d5 2. c4 dxc4 3. e3 c5 4. Bxc4 cxd4 5. exd4 Qc7 6. Qc2 Be6 7. Bb5+ Nc6 8. Nc3 Nf6 9. Nf3 a6 10. Bxc6+ Qxc6 11. O-O Rd8 12. Ne5 Qc7 13. Be3 Nd5 14. Qa4+ b5 15. Qxa6 Nxc3 16. bxc3 Qxc3 17. Qxb5+ Bd7 18. Nxd7 Rxd7 19. Rac1 1-0


[Site "https://www.chess.com"]

[Event "Titled Tuesday Blitz April 26 Late 2022"]
[White "Karttunen, Mika"]
[Black "Balint, Vilmos"]
[WhiteFideId "502081"]
[BlackFideId "718050"]
[WhiteElo "2343"]
[BlackElo "2059"]
[Result "1-0"]
[Round "06"]
[TimeControl "180+1"]
[Date "2022.04.26"]
[WhiteClock "0:00:08"]
[BlackClock "0:00:53"]

1. c4 g6 2. Nc3 Bg7 3. g3 d6 4. Bg2 f5 5. Nf3 Nf6 6. O-O O-O 7. d3 e5 8. e4 a5 9. exf5 gxf5 10. Bg5 Qe8 11. Nd5 Qf7 12. Nxf6+ Bxf6 13. Bxf6 Qxf6 14. Rc1 Nc6 15. h3 Kh8 16. Re1 Bd7 17. Qd2 Rg8 18. Qc3 Rg7 19. c5 Rag8 20. cxd6 cxd6 21. Kf1 h5 22. h4 f4 23. Ng5 fxg3 24. f3 Rxg5 25. hxg5 Rxg5 26. Re4 Rf5 27. Kg1 h4 28. Rf1 Rf4 29. Rxf4 Qxf4 30. Qc1 h3 31. Qxf4 exf4 32. Bh1 Nd4 33. Re1 g2 34. Bxg2 hxg2 35. Kxg2 Nf5 36. Rc1 Bc6 37. Kf2 Kg7 38. Rc4 Ne3 39. Rxf4 Nd1+ 40. Ke2 Nxb2 41. Kd2 Na4 42. Rf5 Nc5 43. d4 Ne6 44. d5 Nd4 45. dxc6 bxc6 46. Rxa5 Nxf3+ 47. Kc3 Ne5 48. Ra7+ Kf6 49. a4 c5 50. a5 Nc6 51. Ra6 Nb4 52. Rxd6+ Ke5 53. Rd2 Nd5+ 54. Kc4 Ne3+ 55. Kxc5 Nf1 56. Re2+ 1-0


[Site "https://www.chess.com"]

[Event "Titled Tuesday Blitz April 26 Late 2022"]
[White "Keymer, Vincent"]
[Black "Makarian, Rudik"]
[WhiteFideId "12940690"]
[BlackFideId "44105681"]
[WhiteElo "2557"]
[BlackElo "2388"]
[Result "1-0"]
[Round "06"]
[TimeControl "180+1"]
[Date "2022.04.26"]
[WhiteClock "0:00:11"]
[BlackClock "0:00:07"]

1. Nf3 Nf6 2. c4 e6 3. Nc3 d5 4. e3 dxc4 5. Bxc4 a6 6. O-O c5 7. d4 b5 8. Be2 Bb7 9. dxc5 Qxd1 10. Rxd1 Bxc5 11. Nd2 Nbd7 12. Nb3 Bb6 13. a4 b4 14. a5 bxc3 15. axb6 c2 16. Rd2 Nxb6 17. Nc5 Bd5 18. Rxc2 O-O 19. Rxa6 Nbd7 20. Rxa8 Rxa8 21. f3 Rc8 22. b4 Nxc5 23. bxc5 Bc6 24. e4 Nd7 25. Be3 Kf8 26. Kf2 Ke7 27. h4 f6 28. Ra2 Rb8 29. Ra6 Bb5 30. Bxb5 Rxb5 31. c6 Rb2+ 32. Kg3 Ne5 33. Bd4 Rc2 34. Ra7+ Kd6 35. Bxe5+ Kxe5 36. Rxg7 Rxc6 37. Rxh7 Rc2 38. Rh5+ Kd4 39. Rh6 Ke5 40. h5 Rc1 41. Rh8 Rh1 42. Kg4 Rh2 43. g3 Rg2 44. Re8 Kd6 45. f4 Kd7 46. Rg8 Ke7 47. Rg7+ Kf8 48. Rd7 Rh2 49. e5 Ke8 50. Ra7 f5+ 51. Kg5 Rh3 52. h6 1-0


[Site "https://www.chess.com"]

[Event "Titled Tuesday Blitz April 26 Late 2022"]
[White "Khanin, Semen"]
[Black "Kanyamarala, Tarun"]
[WhiteFideId "4111990"]
[BlackFideId "45004714"]
[WhiteElo "2442"]
[BlackElo "2177"]
[Result "1-0"]
[Round "06"]
[TimeControl "180+1"]
[Date "2022.04.26"]
[WhiteClock "0:02:10"]
[BlackClock "0:00:02"]

1. e4 c5 2. c3 Nf6 3. e5 Nd5 4. Bc4 Qc7 5. Nf3 Nb6 6. Bb3 Nc6 7. d4 cxd4 8. cxd4 d5 9. O-O Bg4 10. Be3 e6 11. Nbd2 Be7 12. Rc1 O-O 13. h3 Bh5 14. g4 Bg6 15. h4 Qd7 16. h5 Bd3 17. Re1 Na5 18. h6 g6 19. Bg5 Nxb3 20. Qxb3 Ba6 21. Qe3 Rac8 22. Qf4 Bd3 23. Bf6 Rfe8 24. Ng5 Qd8 25. Rxc8 Nxc8 26. Bxe7 Qxe7 27. Rc1 Rf8 28. Rc7 1-0


[Site "https://www.chess.com"]

[Event "Titled Tuesday Blitz April 26 Late 2022"]
[White "Kim, Sergey"]
[Black "Leschinsky, Gary"]
[WhiteFideId "13700570"]
[BlackFideId "30951321"]
[WhiteElo "2488"]
[BlackElo "1782"]
[Result "1-0"]
[Round "06"]
[TimeControl "180+1"]
[Date "2022.04.26"]
[WhiteClock "0:00:39"]
[BlackClock "0:00:09"]

1. d4 d5 2. c4 c6 3. Nf3 Nf6 4. Qc2 dxc4 5. Qxc4 Bg4 6. Nbd2 Nbd7 7. e3 e6 8. Be2 Bd6 9. O-O O-O 10. b3 Qe7 11. Bb2 Rfe8 12. Ne5 Bf5 13. f4 Ne4 14. Nxe4 Bxe4 15. Bf3 Bxf3 16. Rxf3 Bxe5 17. fxe5 Rac8 18. Raf1 Rf8 19. Qd3 c5 20. Rh3 h6 21. Qe4 Nb6 22. Ba3 Nd5 23. Bxc5 Rxc5 24. dxc5 Qxc5 25. Rhf3 b6 26. h3 Nc3 27. Qb7 Ne2+ 28. Kh1 Qxe5 29. R1f2 Qa1+ 30. Kh2 Qe5+ 31. g3 Nc3 32. Rxf7 Rxf7 33. Qxf7+ Kh7 34. Qf4 Qd5 35. Qd4 Qa5 36. b4 Qa3 37. Qd3+ Kg8 38. Rc2 Nb5 39. Qxb5 Qxe3 40. Qe2 Qd4 1-0


[Site "https://www.chess.com"]

[Event "Titled Tuesday Blitz April 26 Late 2022"]
[White "Koellner, Ruben Gideon"]
[Black "Sjugirov, Sanan"]
[WhiteFideId "12993093"]
[BlackFideId "4189302"]
[WhiteElo "2624"]
[BlackElo "2602"]
[Result "0-1"]
[Round "06"]
[TimeControl "180+1"]
[Date "2022.04.26"]
[WhiteClock "0:00:01"]
[BlackClock "0:00:19"]

1. d4 Nf6 2. Bg5 e6 3. Nd2 d5 4. e3 Nbd7 5. Bd3 h6 6. Bh4 e5 7. dxe5 Nxe5 8. Ngf3 Nxd3+ 9. cxd3 Be7 10. O-O O-O 11. Rc1 c6 12. a3 Bf5 13. d4 Re8 14. b4 a5 15. Qb3 axb4 16. axb4 Qb6 17. b5 Qxb5 18. Qxb5 cxb5 19. Rc7 Rab8 20. Bg3 Bf8 21. Ra1 Ra8 22. Re1 Ne4 23. Nxe4 dxe4 24. Ne5 f6 25. Nd7 Bb4 26. Rb1 Re7 27. Nb6 Rxc7 28. Bxc7 Ra2 29. g4 Bxg4 30. h3 Bf3 31. Rxb4 Ra1+ 32. Kh2 Rh1+ 33. Kg3 Rg1+ 34. Kh2 Rg2+ 35. Kh1 Rxf2+ 36. Kg1 Rg2+ 37. Kf1 Rc2 38. Bd6 Kf7 39. Kg1 Rg2+ 40. Kf1 Rc2 41. Kg1 Re2 42. Rxb5 Rxe3 43. Bc5 Rd3 44. Rb2 e3 0-1


[Site "https://www.chess.com"]

[Event "Titled Tuesday Blitz April 26 Late 2022"]
[White "Kohler, Aran"]
[Black "Burke, Paul"]
[WhiteFideId "1002856"]
[BlackFideId "2605767"]
[WhiteElo "2288"]
[BlackElo "1871"]
[Result "0-1"]
[Round "06"]
[TimeControl "180+1"]
[Date "2022.04.26"]
[WhiteClock "0:00:07"]
[BlackClock "0:01:25"]

1. e4 e5 2. Nf3 Nc6 3. Bb5 f5 4. d3 Nf6 5. Nc3 Be7 6. O-O O-O 7. Bxc6 dxc6 8. Nxe5 Bd6 9. Nc4 Ng4 10. Nxd6 Qxd6 11. g3 f4 12. f3 fxg3 13. fxg4 gxh2+ 14. Kh1 Bxg4 15. Qe1 Rxf1+ 16. Qxf1 Rf8 17. Qxf8+ Kxf8 18. Kg2 Bf3+ 19. Kxf3 h1=Q+ 20. Ke3 Qg1+ 21. Kd2 Qf4+ 22. Ke2 Qgf1# 0-1


[Site "https://www.chess.com"]

[Event "Titled Tuesday Blitz April 26 Late 2022"]
[White "Kollars, Dmitrij"]
[Black "Lashkin, Jegor"]
[WhiteFideId "12909572"]
[BlackFideId "13907808"]
[WhiteElo "2584"]
[BlackElo "2368"]
[Result "1-0"]
[Round "06"]
[TimeControl "180+1"]
[Date "2022.04.26"]
[WhiteClock "0:00:27"]
[BlackClock "0:00:03"]

1. e4 c5 2. c3 Nf6 3. e5 Nd5 4. Bc4 Nb6 5. Bb3 c4 6. Bc2 d6 7. exd6 Qxd6 8. Ne2 Nc6 9. O-O g6 10. b3 Bg7 11. Na3 cxb3 12. axb3 O-O 13. Nc4 Nxc4 14. bxc4 Be6 15. d3 Rfd8 16. Bf4 Qd7 17. Qc1 Ne5 18. Nd4 Nc6 19. Nxe6 Qxe6 20. Qb2 Qd7 21. d4 e5 22. Bg5 Rdc8 23. d5 Ne7 24. Ba4 Qc7 25. d6 Qxd6 26. Rfd1 Qc5 27. Qxb7 Nf5 28. Bd7 Rcb8 29. Qf3 e4 30. Qxe4 Bxc3 31. Rac1 Nd6 32. Qg4 Bd4 33. Qxd4 Qxg5 34. Qxd6 a5 35. c5 a4 36. c6 Rf8 37. c7 a3 38. c8=Q Raxc8 39. Rxc8 Rxc8 40. Bxc8 a2 41. Qd8+ Qxd8 42. Rxd8+ Kg7 43. Rd1 1-0


[Site "https://www.chess.com"]